 Dungeon Crawl Stone Soup version 0.23.2-40-g277498a (webtiles) character file.

Game seed: 7437122279082336851

611 Lorak the Destroyer (level 7, -4/41 HPs)
             Began as a Tengu Conjurer on Oct 11, 2019.
             Was an Initiate of Vehumet.
             Slain by a bullfrog (8 damage)
             ... on level 5 of the Dungeon.
             The game lasted 00:29:24 (8054 turns).

Lorak the Destroyer (Tengu Conjurer)                Turns: 8054, Time: 00:29:25

Health: -4/41      AC:  6    Str:  9    XL:     7   Next: 44%
Magic:  7/13       EV: 14    Int: 20    God:    Vehumet [......]
Gold:   305        SH:  0    Dex: 14    Spells: 5/13 levels left

rFire    x . .     SeeInvis .   e - +1 dagger
rCold    + . .     Gourm    .   (no shield)
rNeg     . . .     Faith    .   a - +0 robe
rPois    .         Spirit   .   (helmet restricted)
rElec    .         Reflect  .   l - +0 cloak
rCorr    .         Harm     .   o - +2 pair of gloves
MR       .....                  (boots unavailable)
Stlth    ++........             (no amulet)
HPRegen  0.13/turn              b - +3 ring of intelligence
MPRegen  0.13/turn              i - ring of ice

@: slowed, very slow
A: beak, talons 3, able to fly
a: Fly, Renounce Religion


You were on level 5 of the Dungeon.
You worshipped Vehumet.
Vehumet was noncommittal.
You were hungry.

You visited 1 branch of the dungeon, and saw 6 of its levels.

You collected 305 gold pieces.

Inventory:

Hand Weapons
 e - a +1 dagger (weapon)
Armour
 a - a +0 robe (worn)
 l - a +0 cloak (worn)
 o - a +2 pair of gloves (worn)
Jewellery
 b - a +3 ring of intelligence (left hand)
 i - a ring of ice (right hand)
Wands
 p - a wand of digging (4)
 x - a wand of random effects (13)
Scrolls
 d - 3 scrolls of remove curse
 f - 3 scrolls of teleportation
 g - 2 scrolls of random uselessness
 r - 2 scrolls of identify
 s - 2 scrolls of fear {unknown}
 u - a scroll of amnesia {unknown}
 v - a scroll of blinking {unknown}
 w - a scroll of enchant weapon
Potions
 h - a potion of mutation
 j - 2 potions of lignification
 k - 2 potions of degeneration {unknown}
 m - 2 potions of curing
 n - 2 potions of brilliance {unknown}
 q - a potion of flight {unknown}
 t - a potion of heal wounds {unknown}
Comestibles
 c - 2 rations


   Skills:
 + Level 3.0 Fighting
 + Level 4.7 Dodging
 - Level 2.0 Stealth
 + Level 3.6 Spellcasting
 * Level 8.2 Conjurations


You had 5 spell levels left.
You knew the following spells:

 Your Spells              Type           Power        Failure   Level  Hunger
a - Magic Dart            Conj           ####         1%          1    None
d - Dazzling Spray        Conj/Hex       ###...       8%          3    ###....
z - Iskenderun's Mystic   Conj           #####...     4%          4    ####...

Your spell library contained the following spells:

 Spells                   Type           Power        Failure   Level  Hunger
 Searing Ray              Conj           #####.       1%          2    ##.....
 Confusing Touch          Hex            #.....       14%         1    None
 Force Lance              Conj/Tloc      ###.....     24%         4    ####...
 Fulminant Prism          Conj/Hex       ###.......   24%         4    ####...
 Confuse                  Hex            #.......     38%         3    ###....
 Gell's Gravitas          Tloc           #.........   38%         3    ###....
 Petrify                  Tmut/Erth      #.......     80%         4    ####...
 Metabolic Englaciation   Hex/Ice        #.........   98%         5    ######.
 Yara's Violent Unravell  Hex/Tmut       #.........   98%         5    ######.


Dungeon Overview and Level Annotations

Branches:
Dungeon (6/15)             Temple (0/1) D:5

Altars:
Vehumet

Annotations:
D:3 Grinder, Sigmund
D:4 Ijyb


Innate Abilities, Weirdness & Mutations

You have a beak for a mouth.
You have claws for feet.
You can fly continuously.


Message History

* * * LOW HITPOINT WARNING * * *
The orc wizard hits you but does no damage.
The orc wizard mumbles some strange words.
The orc wizard blinks!
An orc wizard appears from thin air!
The bullfrog hits you but does no damage.
The orc wizard casts a spell.
The orc wizard flickers and vanishes!
Deactivating autopickup; reactivate with Ctrl-A.
The bullfrog completely misses you.
The orc wizard casts a spell.
The orc wizard blinks!
The bullfrog hits you.
* * * LOW HITPOINT WARNING * * *
You see here a trident.
The bullfrog closely misses you. The bullfrog barely misses you.
The orc wizard mumbles some strange words.
The orc wizard blinks!
The bullfrog hits you!
You die...

..#.#####.#.#####......#
#.#.....#.#..........>.#
................>......#
#.#.#.#.#.#......##.####
#...#...#.#...#..##.#
#######.#..<.....##{#
......#.#####.....#.#
#####.#.......#####)#
...<..#.#####.#.@F..#
....###.# #....####
##### #.# #....(# ######
.# #.....###########
.....# .#
#.###...........# .....#
.# #.###...........#
.....# .#
#...............# ....(#
.# #####...........#
.....# Y#
#####...........#


You could see a bullfrog.

Vanquished Creatures
  An ogre (D:6)
  2 centaurs
  A howler monkey (D:6)
  A crimson imp (D:5)
  A jelly (D:4)
  2 orc wizards
  2 hound skeletons
  7 adders
  2 shadow imps (D:6)
  4 oozes
  An adder zombie (D:6)
  A worm (D:2)
  2 dart slugs
  3 leopard geckos (D:1)
  5 orcs
  3 giant cockroaches
  4 goblins
  8 hobgoblins
  12 jackals
  10 kobolds
  A ball python (D:2)
  4 bats
  2 frilled lizards
  A jackal skeleton (D:4)
  4 rats
84 creatures vanquished.

Vanquished Creatures (others)
  A bat (D:3)
1 creature vanquished.

Grand Total: 85 creatures vanquished

Notes
Turn   | Place    | Note
-------+----------+-------------------------------------------
     0 | D:1      | Lorak the Tengu Conjurer began the quest for the Orb.
     0 | D:1      | Reached XP level 1. HP: 10/10 MP: 4/4
   315 | D:1      | Reached XP level 2. HP: 15/15 MP: 4/6
   978 | D:2      | Reached XP level 3. HP: 20/20 MP: 4/7
  1144 | D:2      | Reached skill level 1 in Fighting
  1611 | D:2      | Reached skill level 6 in Conjurations
  1920 | D:2      | Reached XP level 4. HP: 25/25 MP: 5/8
  2160 | D:2      | Learned a level 3 spell: Dazzling Spray
  2191 | D:3      | Noticed Sigmund
  2769 | D:3      | Noticed Grinder
  2784 | D:3      | Paralysed by Grinder for 5 turns
  2816 | D:3      | Paralysed by Grinder for 4 turns
  2823 | D:3      | Paralysed by Grinder for 6 turns
  3434 | D:4      | Learned a level 4 spell: Iskenderun's Mystic Blast
  3472 | D:4      | Gained mutation: You can fly continuously. [Tengu growth]
  3472 | D:4      | Reached XP level 5. HP: 29/29 MP: 1/9
  5013 | D:4      | Noticed Ijyb
  5453 | D:5      | Entered Level 5 of the Dungeon
  5456 | D:5      | Noticed a sky beast
  5514 | D:5      | Found a radiant altar of Vehumet.
  5526 | D:5      | Became a worshipper of Vehumet
  5598 | D:5      | Noticed a sky beast
  5717 | D:4      | Reached skill level 7 in Conjurations
  5717 | D:4      | Reached XP level 6. HP: 26/35 MP: 3/11
  6105 | D:5      | Found a staircase to the Ecumenical Temple.
  6782 | D:6      | Reached XP level 7. HP: 40/40 MP: 4/12
  7191 | D:6      | Reached skill level 8 in Conjurations
  8054 | D:5      | Slain by a bullfrog

Skill      XL: |  1  2  3  4  5  6  7 |
---------------+----------------------+-----
Fighting       | 1 2 3 |  3.0
Dodging        | 3 4 |  4.7
Conjurations   | 6 7 8 |  8.2
Spellcasting   | 3 |  3.6
Stealth        | |  2.0

Action                   |  1- 3 |  4- 6 |  7- 9 || total
-------------------------+-------+-------+-------++-------
Melee: Unarmed           |     4 |     2 |       ||     6
       Peck              |       |     1 |     2 ||     3
       Dagger            |       |       |     6 ||     6
       Kick              |       |       |     2 ||     2
 Cast: Magic Dart        |    88 |   146 |    33 ||   267
       Dazzling Spray    |       |     9 |     4 ||    13
       Iskenderun's Myst |       |       |     3 ||     3
  Use: Scroll            |     1 |     8 |       ||     9
       Potion            |       |     1 |       ||     1
  Eat: Chunk             |     3 |     8 |       ||    11
       Ration            |       |     3 |     1 ||     4
Armor: Robe              |     2 |    12 |    12 ||    26
Dodge: Dodged            |     9 |    53 |    41 ||   103
